 Dungeon Crawl Stone Soup version 0.29-a0-887-gcbe080d7e0 (webtiles) character file.

Game seed: 7871467624374484857

1858 greasedhog the Skirmisher (level 9, 0/54 HPs)
             Began as a Gargoyle Hunter on July 22, 2022.
             Slain by Duvessa
             ... wielding a +6 short sword of draining
              (19 damage)
             ... on level 6 of the Dungeon.
             The game lasted 00:13:19 (6952 turns).

greasedhog the Skirmisher (Gargoyle Hunter)         Turns: 6952, Time: 00:13:25

Health: 0/54       AC: 13    Str: 15    XL:     9   Next: 13%
Magic:  9/9        EV: 13    Int: 10    God:
Gold:   279        SH:  0    Dex: 17    Spells: 8/8 levels left

rFire   . . .      SeeInvis +   a - +0 shortbow
rCold   . . .      Faith    .   (shield currently unavailable)
rNeg    + . .      Spirit   .   p - +1 leather armour {Will+}
rPois   ∞          Reflect  .   (no helmet)
rElec   +          Harm     .   (no cloak)
rCorr   .          Rampage  .   d - +2 pair of gloves
Will    +....                   (no boots)
Stlth   +++.......              (no amulet)
HPRegen 0.18/turn               c - ring of see invisible
MPRegen 0.11/turn               (no ring)

@: no status effects
A: sickness immunity, AC +6, negative energy resistance 1, electricity
resistance, torment resistance 1, petrification resistance
a: no special abilities


You were on level 6 of the Dungeon.
You visited 2 branches of the dungeon, and saw 7 of its levels.

You collected 279 gold pieces.

Inventory:

Hand Weapons
 a - a +0 shortbow (weapon)
 g - a +0 club
Missiles
 o - 4 throwing nets
Armour
 d - a +2 pair of gloves (worn)
 p - a +1 leather armour of willpower (worn)
Jewellery
 c - a ring of see invisible (left hand)
Wands
 q - a wand of flame (10)
 r - a wand of acid (8)
Scrolls
 b - a scroll of immolation
 m - a scroll of enchant armour
 n - a scroll of teleportation
 t - a scroll of vulnerability
 x - a scroll of silence
 y - a scroll of blinking
Potions
 e - a potion of invisibility {unknown}
 f - a potion of might {unknown}
 h - 2 potions of brilliance {unknown}
 i - 3 potions of attraction {unknown}
 j - a potion of lignification {unknown}
 k - a potion of magic {unknown}
 l - a potion of degeneration {unknown}
 s - a potion of haste {unknown}
 u - 3 potions of curing {unknown}
 v - a potion of cancellation {unknown}
 z - 2 potions of heal wounds {unknown}


   Skills:
 - Level 5.5 Fighting
 * Level 9.2 Ranged Weapons
 * Level 4.3 Dodging
 - Level 5.2 Stealth


You had 8 spell levels left.
You didn't know any spells.
Your spell library contained the following spells:

 Spells                   Type           Power      Damage    Failure   Level
 Apportation              Tloc           0%         N/A       43%         1
 Magic Dart               Conj           0%         1d3       43%         1
 Necrotise                Necr           0%         1d4       43%         1
 Sandblast                Erth           0%         2d4       43%         1
 Summon Small Mammal      Summ           0%         N/A       43%         1
 Blink                    Tloc           0%         N/A       56%         2
 Passwall                 Tmut/Erth      0%         N/A       56%         2
 Searing Ray              Conj           0%         2d4       56%         2
 Gell's Gravitas          Tloc           0%         N/A       80%         3
 Lesser Beckoning         Tloc           0%         N/A       80%         3
 Stone Arrow              Conj/Erth      0%         3d7       80%         3
 Teleport Other           Tloc           0%         N/A       80%         3
 Corpse Rot               Necr/Pois/Air  0%         N/A       99%         4
 Dispel Undead            Necr           0%         3d6       99%         4
 Fulminant Prism          Conj/Hex       0%         3d6       99%         4
 Manifold Assault         Tloc           0%         N/A       100%        5
 Conjure Ball Lightning   Conj/Air       0%         3x3d6     100%        6
 Death Channel            Necr           0%         N/A       100%        6
 Discord                  Hex            0%         N/A       100%        8
 Disjunction              Tloc           0%         N/A       100%        8


Dungeon Overview and Level Annotations

Branches:
Dungeon (6/15)             Temple (1/1) D:4

Altars:
Cheibriados
Elyvilon
Fedhas
Hepliaklqana
Kikubaaqudgha
Makhleb
Nemelex Xobeh
Qazlal
Ru
Sif Muna
Trog
Uskayaw
Vehumet
Wu Jian
Xom
Yredelemnul
The Shining One

Shops:
D:3 (

Annotations:
D:3 1 runed translucent door, Crazy Yiuf
D:6 Duvessa


Innate Abilities, Weirdness & Mutations

You are immune to sickness and miasma.
Your stone body is resilient. (AC +6)
You are immune to poison.
You resist negative energy. (rN+)
You are resistant to electric shocks. (rElec)
You are resistant to unholy torment.
You are immune to petrification.


Message History

You now have 279 gold pieces (gained 9).
Things that are here:
a +0 falchion; a +0 chain mail
Found a robe.
Duvessa goes berserk!
Duvessa rages.
Duvessa rages.
Aiming: Corrosive Bolt
Press: ? - help, Shift-Dir - straight line, f - Duvessa
Aim: Duvessa, wielding a +6 short sword of draining and wearing a +0 chain mail (berserk, 83% to hit)
The bolt of acid hits Duvessa!
Duvessa is lightly wounded.
Duvessa completely misses you.
Aiming: Corrosive Bolt
Press: ? - help, Shift-Dir - straight line, f/p - Duvessa
Aim: Duvessa, wielding a +6 short sword of draining and wearing a +0 chain mail (lightly wounded, berserk, 83% to hit)
The bolt of acid hits Duvessa.
The acid corrodes Duvessa!
Duvessa is moderately wounded.
Duvessa misses you.
You shoot an arrow. The arrow hits Duvessa!
Duvessa is moderately wounded.
Duvessa hits you with a +6 short sword of draining!
Duvessa misses you.
You shoot an arrow. The arrow closely misses Duvessa.
Duvessa completely misses you. x2
Duvessa rages.
Duvessa hits you with a +6 short sword of draining.
Aiming: Throw Flame
Press: ? - help, Shift-Dir - straight line, f/p - Duvessa
Aim: Duvessa, wielding a +6 short sword of draining and wearing a +0 chain mail (moderately wounded, berserk, covered in acid, 81% to hit)
The puff of flame hits Duvessa.
Duvessa is heavily wounded.
Duvessa barely misses you.
Aiming: Throw Flame
Press: ? - help, Shift-Dir - straight line, f/p - Duvessa
Aim: Duvessa, wielding a +6 short sword of draining and wearing a +0 chain mail (heavily wounded, berserk, covered in acid, 81% to hit)
The puff of flame hits Duvessa.
Duvessa is heavily wounded.
Duvessa hits you with a +6 short sword of draining!! x2
You die...

### #.....# ..## #.......###..#
...## #.......##...#
....######............#####
..†<......................###
....#####...................
....# #.................#
....#####.................#
..........#.....@e........#
..........##..............#
##........................#
#.........#####..)........#
..........# #...........# #####
##........## ##.##.##.....#.....#
#.....>...###..##.#.............
##.........)†....................
#.........####.##................


You could see Duvessa (berserk, corroded).

Vanquished Creatures
  Eustachio (D:4)
  2 water moccasins (D:5)
  2 sky beasts
  2 ice beasts
  An ogre (D:6)
  A phantom (D:4)
  A bullfrog (D:5)
  2 scorpions
  A gnoll sergeant (D:6)
  2 necrophages (D:4)
  Dowan (D:6)
  2 howler monkeys
  4 hounds
  Jessica (D:2)
  3 iguanas
  Natasha (twice) (D:3)
  10 gnolls
  3 adders
  An ufetubus (D:6)
  2 worms
  A dart slug (D:1)
  2 orcs
  5 endoplasms
  6 giant cockroaches
  9 hobgoblins
  3 jackals (D:5)
  3 quokkas
  15 ball pythons
  8 bats
  2 frilled lizards
  9 goblins
  7 kobolds
  7 rats
121 creatures vanquished.

Notes
Turn   | Place    | Note
-------+----------+-------------------------------------------
     0 | D:1      | greasedhog the Gargoyle Hunter began the quest for the Orb.
     0 | D:1      | Reached XP level 1. HP: 12/12 MP: 1/1
   117 | D:1      | Reached XP level 2. HP: 17/17 MP: 2/2
   274 | D:1      | Reached XP level 3. HP: 21/21 MP: 3/3
  1144 | D:2      | Noticed Jessica
  1147 | D:2      | Killed Jessica
  1148 | D:2      | Reached XP level 4. HP: 26/26 MP: 4/4
  1371 | D:2      | Found a faded altar of an unknown god.
  1764 | D:3      | Reached skill level 5 in Ranged Weapons
  1925 | D:3      | Noticed Natasha
  1936 | D:3      | Killed Natasha
  1937 | D:3      | Reached XP level 5. HP: 20/30 MP: 5/5
  1943 | D:3      | Found Wakibedd's Weapon Shoppe.
  2290 | D:3      | Found a runed translucent door.
  2291 | D:3      | Noticed Crazy Yiuf
  2344 | D:3      | Found a shimmering altar of Xom.
  2474 | D:3      | Noticed Natasha
  2483 | D:3      | Killed Natasha
  2798 | D:4      | Noticed a phantom
  2831 | D:4      | Killed a phantom
  2832 | D:4      | Reached skill level 5 in Stealth
  2832 | D:4      | Reached XP level 6. HP: 23/35 MP: 6/6
  2969 | D:4      | Reached skill level 6 in Ranged Weapons
  3175 | D:4      | Found a stormy altar of Qazlal.
  3175 | D:4      | Noticed an ice beast
  3199 | D:4      | Killed an ice beast
  3200 | D:4      | Reached XP level 7. HP: 26/41 MP: 7/7
  3405 | D:4      | Found a sacrificial altar of Ru.
  3836 | D:4      | Noticed Eustachio
  3852 | D:4      | Killed Eustachio
  3853 | D:4      | Reached skill level 7 in Ranged Weapons
  3974 | D:4      | Found a staircase to the Ecumenical Temple.
  3982 | Temple   | Entered the Ecumenical Temple
  4284 | D:5      | Entered Level 5 of the Dungeon
  4432 | D:5      | Found a snail-covered altar of Cheibriados.
  4596 | D:5      | Reached skill level 5 in Fighting
  4605 | D:5      | Reached XP level 8. HP: 49/49 MP: 8/8
  4933 | D:5      | Found a hide-covered altar of Uskayaw.
  4934 | D:5      | Found an ancient bone altar of Kikubaaqudgha.
  5035 | D:5      | Found a radiant altar of Vehumet.
  5074 | D:5      | Reached skill level 8 in Ranged Weapons
  5431 | D:6      | Noticed Dowan
  5431 | D:6      | Noticed Duvessa
  6592 | D:5      | Reached XP level 9. HP: 45/54 MP: 9/9
  6732 | D:6      | Found a bloodstained altar of Trog.
  6798 | D:6      | Killed Dowan
  6799 | D:6      | Reached skill level 9 in Ranged Weapons
  6952 | D:6      | Slain by Duvessa

Illustrated notes

Levels and vault maps discovered:
D:1:      dpeg_arrival_arbitrary_a, layout_basic, minmay_nonomino_d4
D:2:      layout_basic, dreamdust_ecumenical_altar_hidden_monk_grotto,
          uniq_jessica
D:3:      layout_basic, amcnicky_altar_gilded, serial_shops, shop, st_stairs_10,
          amcnicky_mini_pool_small, minivault_5, hex_large,
          uniq_crazy_yiuf_cottage, uniq_natasha
D:4:      layout_basic, nicolae_ru_sacrificial_ziggurat,
          nicolae_qazlal_general_emergency, minmay_temple_entry_butterflies,
          corexii_corridor_pit, uniq_eustachio
D:5:      layout_loops_ring, mainiacjoe_overflow_paths,
          nicolae_overflow_hidden_temple, corexii_shack,
          kennysheep_generic_room_12
D:6:      layout_rooms, mainiacjoe_overflow_catwalk,
          nicolae_dithmenos_through_a_glass_darkly, uniq_duvessa
Temple:   jpeg_temple_island

Skill      XL: |  1  2  3  4  5  6  7  8  9 |
---------------+----------------------------+-----
Stealth        | 2 3 4 5 |  5.2
Ranged Weapons | 5 6 7 8 9 |  9.2
Fighting       | 3 5 |  5.5
Dodging        | 4 |  4.3

Action                   |  1- 3 |  4- 6 |  7- 9 || total
-------------------------+-------+-------+-------++-------
Melee: Club              |       |     8 |     3 ||    11
 Fire: Shortbow          |    74 |   175 |   317 ||   566
Evoke: Wand              |       |     1 |     6 ||     7
  Use: Scroll            |       |     6 |     4 ||    10
Armor: Leather armour    |    10 |    54 |   137 ||   201
Dodge: Dodged            |    12 |    56 |   167 ||   235

Table legend: (Time is in decaauts)
 A = Elapsed time spent in this place.
 B = Non-inter-level travel time spent in this place.
 C = Inter-level travel time spent in this place.
 D = Time resting spent in this place.
 E = Time spent auto-exploring this place.
 F = Levels seen in this place.
 G = Mean time per level.
                   A        B        C        D        E       F      G
               +--------+--------+--------+--------+--------+-----+--------+
         Total |   7116 |   6808 |    308 |    957 |   4683 |   7 | 1016.6 |
       Dungeon |   6816 |   6560 |    256 |    957 |   4439 |   6 | 1136.0 |
        Temple |    300 |    248 |     52 |      0 |    244 |   1 |  300.0 |
               +--------+--------+--------+--------+--------+-----+--------+

Top non-repeatable levels by time:
     D:5: 1941 daAuts
     D:4: 1428 daAuts
     D:3: 1064 daAuts
     D:1: 1023 daAuts
     D:6: 761 daAuts
     D:2: 597 daAuts
  Temple: 300 daAuts
